 Zot Defence DCSS version 0.15.2 (webtiles) character file.

2181 blackwizard the Magician (level 9, -4/65 HPs)
             Began as a Merfolk Air Elementalist on May 28, 2017.
             Killed by divine providence
             ... invoked by an orc priest
              (12 damage)
             ... in the Realm of Zot (Scenario II: Battle Heart).
             The game lasted 00:09:48 (1222 turns).

blackwizard the Magician (Merfolk Air Elementalist) Turns: 1222, Time: 00:09:48

HP  -4/65        AC  2     Str  8      XL: 9   Next: 33%
MP   2/21        EV 14     Int 17      God:
Gold 0           SH  0     Dex 15      Spells:  1 memorised, 18 levels left

rFire  . . .     SeeInvis .     j - +0 club
rCold  . . .     Clarity  .     a - +0 robe
rNeg   . . .     rCorr    .     (no shield)
rPois  .         rRot     .     (no helmet)
rElec  .         Spirit   .     (no cloak)
SustAb .         Warding  .     (no gloves)
rMut   .         Stasis   .     (no boots)
Gourm  .                        (no amulet)
MR     .....                    (no ring)
                                (no ring)

@: not resistant to hostile enchantments, unstealthy
A: change form in water, swift swim
a: Make oklob sapling, Make arrow trap, Make plant, Remove Curse, Make burning
bush, Make altar, Make grenades, Make oklob plant, Make net trap, Make ice
statue


You were in the Realm of Zot.
You were not hungry.

You visited 1 branch

Inventory:

Hand weapons
 j - a +0 club (weapon)
Missiles
 k - 4 stones (quivered)
Armour
 a - a +0 robe (worn)
Comestibles
 d - a bread ration
Scrolls
 i - a scroll of blinking
Potions
 c - 3 potions of curing
 e - a potion of heal wounds
 f - a potion of haste
 g - 2 potions of magic
 h - a potion of berserk rage
Books
 b - a book of Air

   Spells                             Type                      Level
   *Shock                             Conjuration/Air              1
   Swiftness                          Charms/Air                   2
   Repel Missiles                     Charms/Air                   2
   Flight                             Charms/Air                   3
   Static Discharge                   Conjuration/Air              3
   Lightning Bolt                     Conjuration/Air              5


   Skills:
 + Level 4.2 Fighting
 + Level 2.3 Maces & Flails
 + Level 4.7 Dodging
 - Level 2.1 Stealth
 + Level 5.1 Unarmed Combat
 + Level 5.5 Spellcasting
 + Level 3.6 Conjurations
 + Level 5.2 Air Magic


You had 18 spell levels left.
You knew the following spells:

 Your Spells              Type           Power        Failure   Level  Hunger
a - Shock                 Conj/Air       ###.         2%          1    None


Dungeon Overview and Level Annotations

Branches:
    Zot (1/1)

Altars:

Annotations:
Zot Prince Ribbit


Message History

The orc priest glows brightly for a moment.
You hit the kobold.
You kill the kobold!
The phantom blinks!
Prince Ribbit catches a small bird with his tongue.
Vuewuluv blinks!
An ooze comes into view.
You barely miss the ogre.
The orc priest calls down the wrath of Beogh upon something.
Something smites you!
* * * LOW HITPOINT WARNING * * *
An orc priest comes into view.
You hit the ooze.
The ooze is lightly wounded.
The phantom blinks!
The orc priest becomes somewhat translucent.
Prince Ribbit croaks regally.
The orc priest invokes the aid of Beogh against something.
Something smites you!
You die...

▓▓▓▓▓▓ ▓▓▓▓▓▓▓▓▓▓................
# ####▓▓...............
▓▓▓............. ▓▓▓..........▓
▓▓▓.......▓▓ ▓▓.....▓▓
#########▓▓...▓▓ ####
#######.............# ...###
###ODFOJ.@......#######
.....###bOoWoW##########
......#).......##
................#
................# ########
................# #####......##
...............b## ##...........#
.................###.............
.....§..§.....#..................


You could see Prince Ribbit, 2 phantoms, Isedur the wyvern, 3 ogres, an ooze, 2
orc priests and a bat.

Vanquished Creatures
  A hill giant (Zot)
  A giant frog (Zot)
  3 jellies (Zot)
  2 goliath beetles (Zot)
  2 worker ants (Zot)
  4 adders (Zot)
  3 giant mites (Zot)
  6 worms (Zot)
  3 oozes (Zot)
  An orc (Zot)
  13 bats (Zot)
  4 giant cockroaches (Zot)
  11 goblins (Zot)
  7 hobgoblins (Zot)
  5 jackals (Zot)
  A quokka (Zot)
  2 ball pythons (Zot)
  2 giant geckos (Zot)
  7 giant newts (Zot)
  12 kobolds (Zot)
  14 rats (Zot)
  4 butterflies (Zot)
108 creatures vanquished.

Notes
Turn   | Place    | Note
--------------------------------------------------------------
     0 | Zot      | blackwizard, the Merfolk Air Elementalist, began the quest for the Orb.
     0 | Zot      | Reached XP level 1. HP: 13/13 MP: 3/3
   212 | Zot      | Reached XP level 2. HP: 14/19 MP: 1/4
   262 | Zot      | Reached skill level 3 in Dodging
   327 | Zot      | Reached XP level 3. HP: 24/24 MP: 3/6
   437 | Zot      | Reached XP level 4. HP: 7/31 MP: 0/8
   494 | Zot      | Reached skill level 1 in Conjurations
   513 | Zot      | Reached skill level 1 in Unarmed Combat
   513 | Zot      | Reached XP level 5. HP: 17/36 MP: 1/11
   546 | Zot      | HP: 1/36 [goliath beetle (8)]
   598 | Zot      | Reached skill level 1 in Fighting
   598 | Zot      | Reached XP level 6. HP: 8/43 MP: 2/13
   627 | Zot      | Reached skill level 4 in Air Magic
   627 | Zot      | Reached XP level 7. HP: 13/49 MP: 3/15
   922 | Zot      | Noticed Satirre
  1009 | Zot      | Killed Satirre the hill giant
  1009 | Zot      | Reached skill level 5 in Unarmed Combat
  1009 | Zot      | Reached skill level 5 in Spellcasting
  1009 | Zot      | Reached skill level 5 in Air Magic
  1009 | Zot      | Reached XP level 8. HP: 38/60 MP: 4/20
  1009 | Zot      | Reached XP level 9. HP: 41/65 MP: 4/21
  1018 | Zot      | Noticed Prince Ribbit
  1222 | Zot      | Killed from afar by an orc priest

Action                   |  1- 3 |  4- 6 |  7- 9 || total
-------------------------+-------+-------+-------++-------
Melee: Unarmed           |   148 |    29 |    73 ||   250
       Club              |       |       |   118 ||   118
 Cast: Shock             |    22 |    20 |    93 ||   135
